 Dungeon Crawl Stone Soup version 0.24.1-14-gf8d2b509d9 (webtiles) character file.

Game seed: 9397842862151822930, levelgen mode: deterministic

175 funkygono the Conjurer (level 5, -1/28 HPs)
             Began as a Deep Elf Conjurer on July 12, 2020.
             Slain by Sigmund
             ... wielding a +1 scythe of flaming
              (5 damage)
             ... on level 4 of the Dungeon on July 28, 2020.
             The game lasted 00:08:38 (2818 turns).

funkygono the Conjurer (Deep Elf Conjurer)          Turns: 2818, Time: 00:08:39

Health: -1/28      AC:  4    Str:  5    XL:     5   Next: 29%
Magic:  1/14       EV: 13    Int: 21    God:
Gold:   185        SH:  0    Dex: 15    Spells: 4/14 levels left

rFire    . . .     SeeInvis .   b - +1 dagger
rCold    . . .     Gourm    .   (no shield)
rNeg     . . .     Faith    .   a - +2 robe
rPois    .         Spirit   .   (no helmet)
rElec    .         Reflect  .   (no cloak)
rCorr    .         Harm     .   (no gloves)
MR       .....                  (no boots)
Stlth    ++........             (no amulet)
HPRegen  0.09/turn              e - ring of wizardry
MPRegen  0.14/turn              (no ring)

@: no status effects
A: no striking features
a: no special abilities


You were on level 4 of the Dungeon.
You were very hungry.

You visited 1 branch of the dungeon, and saw 4 of its levels.

You collected 185 gold pieces.

Inventory:

Hand Weapons
 b - a +1 dagger (weapon)
Armour
 a - a +2 robe (worn)
Jewellery
 e - a ring of wizardry (left hand)
Wands
 h - a wand of flame (13)
Scrolls
 j - a scroll of fog
 o - 2 scrolls of teleportation
Potions
 f - a potion of haste
 g - a potion of heal wounds
 i - a potion of curing {unknown}
 l - a potion of flight {unknown}
 m - a potion of resistance {unknown}
 n - a potion of might {unknown}
Comestibles
 c - 4 rations


   Skills:
 + Level 0.1 Short Blades
 + Level 2.6 Dodging
 + Level 2.6 Stealth
 * Level 5.0 Spellcasting
 * Level 6.2 Conjurations


You had 4 spell levels left.
You knew the following spells:

 Your Spells              Type           Power        Failure   Level  Hunger
a - Magic Dart            Conj           ####         1%          1    None
b - Searing Ray           Conj           ####..       1%          2    None
c - Dazzling Spray        Conj/Hex       ###...       3%          3    ##.....
d - Iskenderun's Mystic   Conj           ####....     3%          4    ####...

Your spell library contained the following spells:

 Spells                   Type           Power        Failure   Level  Hunger
 Force Lance              Conj/Tloc      ###.....     12%         4    ####...
 Fulminant Prism          Conj/Hex       ###.......   12%         4    ####...


Dungeon Overview and Level Annotations

Branches:
Dungeon (4/15)
 Temple: D:4-7

Altars:
Ashenzari
Nemelex Xobeh
The Shining One

Annotations:
D:4 Sigmund


Message History

The magic dart hits Sigmund but does no damage.
Sigmund is heavily wounded.
Sigmund is no longer blind.
Sigmund hits you with a +1 scythe of flaming.
Sigmund burns you.
You hit Sigmund but do no damage.
Sigmund is heavily wounded.
Sigmund barely misses you.
You hit Sigmund.
Sigmund is heavily wounded.
You hit Sigmund.
Sigmund is severely wounded.
Sigmund gestures at you while chanting. The magic dart hits you!
You hit Sigmund.
Sigmund is severely wounded.
Sigmund hits you with a +1 scythe of flaming!
* * * LOW HITPOINT WARNING * * *
Sigmund burns you.
You die...

##..#......## ####
#...#.......##.
#..###..............
#....##.............
#.........>.........
#.....#.............
#.....#..........#..
#.......##@.........
##.......#.@...##..
##.............#
###....###<...#
##.##.#.....#
####.......#
#............
##............
##........#..
####....##..


You could see Sigmund.

Vanquished Creatures
  A crimson imp (D:3)
  2 adders (D:3)
  An ooze (D:1)
  An adder skeleton (D:3)
  2 worms
  A dart slug (D:1)
  6 leopard geckos
  4 orcs (D:3)
  9 bats
  4 giant cockroaches
  11 hobgoblins
  14 jackals
  2 quokkas (D:2)
  2 ball pythons (D:3)
  5 frilled lizards
  6 goblins
  12 kobolds
  9 rats
92 creatures vanquished.

Notes
Turn   | Place    | Note
-------+----------+-------------------------------------------
     0 | D:1      | funkygono the Deep Elf Conjurer began the quest for the
                  | Orb.
     0 | D:1      | Reached XP level 1. HP: 10/10 MP: 6/6
   206 | D:1      | Reached XP level 2. HP: 15/15 MP: 4/8
   300 | D:1      | Learned a level 2 spell: Searing Ray
   317 | D:1      | Reached skill level 5 in Conjurations
   525 | D:1      | Reached XP level 3. HP: 12/19 MP: 4/9
   788 | D:2      | Found a glowing golden altar of the Shining One.
  1398 | D:2      | Reached XP level 4. HP: 24/24 MP: 8/11
  1407 | D:2      | Learned a level 3 spell: Dazzling Spray
  1412 | D:2      | Learned a level 4 spell: Iskenderun's Mystic Blast
  1867 | D:3      | Reached skill level 6 in Conjurations
  2295 | D:3      | Found a shattered altar of Ashenzari.
  2307 | D:3      | Reached XP level 5. HP: 28/28 MP: 8/14
  2521 | D:4      | Found a sparkling altar of Nemelex Xobeh.
  2526 | D:4      | Noticed Sigmund
  2529 | D:4      | Reached skill level 5 in Spellcasting
  2818 | D:4      | Slain by Sigmund

Levels and vault maps discovered:
D:1:      scummos_arrival_simple_crosswalls, layout_rooms
D:2:      layout_loops_cross, tso_metal_star, minmay_pentomino_pile
D:3:      layout_rooms, overflow_temple_1_default
D:4:      layout_cave_pools, nemelex_xobeh_ov_fountains_minmay,
          gup_ossuary_entry_pyramid, first_ration, ebering_ghost_rock_garden,
          bloody_trog, uniq_sigmund

Skill      XL: |  1  2  3  4  5 |
---------------+----------------+-----
Conjurations   | 5 6 |  6.2
Spellcasting   | 4 5 |  5.0
Short Blades   | |  0.1
Dodging        | |  2.6
Stealth        | |  2.6

Action                   |  1- 3 |  4- 6 || total
-------------------------+-------+-------++-------
Melee: Dagger            |       |    11 ||    11
 Cast: Magic Dart        |    84 |    76 ||   160
       Searing Ray       |     2 |     4 ||     6
       Dazzling Spray    |       |     8 ||     8
  Use: Scroll            |     4 |     3 ||     7
  Eat: Chunk             |     1 |     4 ||     5
Armor: Robe              |     1 |     7 ||     8
Dodge: Dodged            |     9 |    31 ||    40
